 Dungeon Crawl Stone Soup version 0.29.0-10-g45618ea6d2 (webtiles) character file.

Game seed: 902187106016959469

219 fingers the Ruffian (level 5, -1/45 HPs)
             Began as a Ghoul Monk on Sept 1, 2022.
             Was a Believer of Jiyva.
             Killed by divine providence
             ... invoked by an orc priest
              (13 damage)
             ... on level 3 of the Dungeon.
             The game lasted 00:06:26 (1708 turns).

fingers the Ruffian (Ghoul Monk)                    Turns: 1708, Time: 00:06:27

Health: -1/45      AC:  8    Str: 17    XL:     5   Next: 96%
Magic:  4/4        EV:  7    Int:  5    God:    Jiyva [**....]
Gold:   54         SH:  0    Dex: 11    Spells: 4/4 levels left

rFire   . . .      SeeInvis .     - Unarmed
rCold   + . .      Faith    .   (no shield)
rNeg    + + +      Spirit   .   c - +0 chain mail
rPois   ∞          Reflect  .   m - +0 hat
rElec   .          Harm     .   (no cloak)
rCorr   +          Rampage  .   (no gloves)
Will    .....                   (no boots)
Stlth   ..........              (no amulet)
HPRegen 0.96/turn               (no ring)
MPRegen 0.39/turn               (no ring)

@: inhibited regen
A: claws 1, cold resistance 1, negative energy resistance 3, inhibited
regeneration, torment resistance 2, devour on kill
a: Renounce Religion


You were on level 3 of the Dungeon.
You worshipped Jiyva.
Jiyva was pleased with you.
You visited 1 branch of the dungeon, and saw 3 of its levels.

You collected 54 gold pieces.

Inventory:

Armour
 a - a +0 robe
 c - a +0 chain mail (worn)
 m - a +0 hat (worn)
Scrolls
 d - 4 scrolls of identify {unknown}
 f - a scroll of blinking {unknown}
 g - a scroll of vulnerability {unknown}
 k - a scroll of immolation {unknown}
 l - a scroll of silence {unknown}
Potions
 e - a potion of heal wounds {unknown}
 h - 2 potions of curing {unknown}
 i - a potion of lignification
 j - a potion of degeneration {unknown}


   Skills:
 + Level 3.5 Fighting
 * Level 2.1 Staves
 * Level 2.2 Armour
 + Level 3.0 Dodging
 - Level 2.1 Stealth
 + Level 5.1 Unarmed Combat


You had 4 spell levels left.
You didn't know any spells.
Your spell library contained the following spells:

 Spells                   Type           Power      Damage    Failure   Level
 Apportation              Tloc           0%         N/A       100%        1
 Necrotise                Necr           0%         1d4       100%        1
 Summon Small Mammal      Summ           0%         N/A       100%        1
 Summon Hydra             Summ           0%         N/A       100%        7
 Sublimation of Blood     Necr           Unusable   N/A       N/A         2
 Wereblood                Tmut           Unusable   N/A       N/A         2

Dungeon Overview and Level Annotations

Branches:
Dungeon (3/15)

Altars:
Jiyva

Shops:
D:1 (


Innate Abilities, Weirdness & Mutations

You are immune to poison.
You have sharp fingernails.
Your flesh is cold resistant. (rC+)
You are immune to negative energy. (rN+++)
You do not regenerate when monsters are visible.
You are immune to unholy pain and torment.
You thrive by killing the living.


Message History

You hear a distant slurping noise.
Something hits you but does no damage.
There are monsters nearby!
You scratch something.
You hear some strange, mumbled words.
A puff of flame appears from out of thin air!
The puff of flame hits you!
You bump into the rock wall.
Something hits you but does no damage.
Are you sure you want to stumble around while confused and next to the jelly?
This could place you under penance! [Y]es or [N]o only, please.
Are you sure you want to stumble around while confused and next to the jelly?
This could place you under penance!
You closely miss something. Your claw misses something.
The orc priest miscasts a cantrip.
Something hits you but does no damage.
It was a potion of lignification.
You feel woody for a moment.
You feel less confused.
You hear a distant slurping noise.
Something hits you but does no damage.
You miss something. Something hits you but does no damage.
You miss something. Something hits you but does no damage.
The orc priest invokes the aid of Beogh against you.
Beogh smites you!
* * * LOW HITPOINT WARNING * * *
Welcome back, fingers the Ghoul Monk.
Slime for the Slime God!
Press ? for a list of commands and other information.
There are monsters nearby!
You swap places.
The jelly hits something.
The acid corrodes something!
You feel a bit more experienced.
Your Armour skill increases to level 2!
Your unliving flesh cannot be transformed in this way.
There are monsters nearby!
The bat hits the jelly.
The bat is burned by acid!
The bat dies!
You hear a slurping noise.
The jelly hits the orc but does no damage.
The orc hits the jelly with a +0 mace!
The orc is burned by acid!
The orc priest mumbles some strange prayers to Beogh against you.
Beogh smites you!
You die...

..#≈≈##.# .......
#..≈≈.... .......
#.~≈≈.~.. .....o.
#..~≈.... ......
#..~....# #.... .#
#..~.~~~# #.... #.#
#~~~...~# #....########
#.# #...~.~..
#....ooJ...@#
#.####.~~~...#
#...#######.#
#.#.....≈~.... #..
#.......###.#...~.~≈~.~.
#.
#.######....#.....~~....
# #.# #.....#....~~~~.~#
#.# #......)#.#~~~...#
#.# #####.......≈≈...#
#.# #.......≈≈...#
##########.#
#......#≈≈#..#


You could see an orc priest, an orc and a neutral jelly (distracted) (fellow
slime).

Vanquished Creatures
  2 orc priests (D:3)
  2 orc wizards (D:3)
  2 adders
  2 worms (D:2)
  A dart slug (D:2)
  7 orcs (D:3)
  3 bats
  2 endoplasms (D:1)
  3 giant cockroaches
  6 goblins
  4 hobgoblins
  3 jackals (D:1)
  5 quokkas
  3 ball pythons
  2 frilled lizards
  7 kobolds
  5 rats
59 creatures vanquished.

Vanquished Creatures (others)
  An orc wizard (D:3)
  A worm (D:2)
  A dart slug (D:2)
  3 endoplasms
  A ball python (D:3)
  A bat (D:3)
  2 goblins (D:3)
  29 plants (D:1)
39 creatures vanquished.

Grand Total: 98 creatures vanquished

Notes
Turn   | Place    | Note
-------+----------+-------------------------------------------
     0 | D:1      | fingers the Ghoul Monk began the quest for the Orb.
     0 | D:1      | Reached XP level 1. HP: 19/19 MP: 0/0
   227 | D:1      | Reached XP level 2. HP: 23/26 MP: 1/1
   282 | D:1      | Found Cekuryli's Weapon Emporium.
   440 | D:1      | Reached XP level 3. HP: 31/31 MP: 2/2
   669 | D:1      | Found a faded altar of an unknown god.
   676 | D:1      | Reached skill level 4 in Unarmed Combat
   689 | D:1      | Prayed at the altar of an unknown god.
   689 | D:1      | Became a worshipper of Jiyva Juacrilo the Shapeless
   689 | D:1      | Reached * piety under Jiyva
   689 | D:1      | Reached ** piety under Jiyva
   781 | D:2      | Reached *** piety under Jiyva
   860 | D:2      | Reached skill level 1 in Armour
   986 | D:2      | Reached XP level 4. HP: 33/38 MP: 3/3
  1545 | D:3      | Reached skill level 1 in Staves
  1545 | D:3      | Reached XP level 5. HP: 38/45 MP: 4/4
  1557 | D:3      | Reached skill level 5 in Unarmed Combat
  1708 | D:3      | Killed from afar by an orc priest

Illustrated notes

Levels and vault maps discovered:
D:1:      lemuel_arrival_lava_pool, layout_basic, serial_shops, shop_fountains,
          shapermc_ecumenical_altar_venn, serial_bayou, serial_bayou_pond_a,
          serial_bayou_pond_e, serial_bayou_lagoon_a, serial_bayou_pond_e
D:2:      layout_rooms
D:3:      layout_basic, chequers_serial_rivers_small_3

Skill      XL: |  1  2  3  4  5 |
---------------+----------------+-----
Unarmed Combat | 4 5 |  5.1
Dodging        | 3 |  3.0
Armour         | 1 2 |  2.2
Staves         | 1 2 |  2.1
Fighting       | |  3.5
Stealth        | |  2.1

Action                   |  1- 3 |  4- 6 || total
-------------------------+-------+-------++-------
Melee: Unarmed           |   113 |    66 ||   179
       Punch             |     5 |       ||     5
Invok: Oozemancy         |       |     3 ||     3
  Use: Potion            |       |     2 ||     2
Armor: Chain mail        |    69 |    44 ||   113
Dodge: Dodged            |    43 |    20 ||    63
